 Dungeon Crawl Stone Soup version 0.27-a0-1193-g8631133539 (webtiles) character file.

Game seed: 3992676945664085393

8123 leviel the Cleaver (level 11, -9/99 HPs)
             Began as a Hill Orc Fighter on May 25, 2021.
             Mangled by a boulder beetle (21 damage)
             ... on level 9 of the Dungeon.
             The game lasted 00:14:20 (9803 turns).

leviel the Cleaver (Hill Orc Fighter)               Turns: 9803, Time: 00:14:20

Health: -9/99      AC: 15    Str: 23    XL:     11   Next: 26%
Magic:  11/11      EV: 10    Int:  8    God:
Gold:   388        SH: 11    Dex: 10    Spells: 10/10 levels left

rFire    . . .     SeeInvis .   l - +5 war axe (distort)
rCold    . . .     Faith    .   c - +0 kite shield
rNeg     . . .     Spirit   .   w - +0 plate armour
rPois    .         Reflect  .   (no helmet)
rElec    .         Harm     .   (no cloak)
rCorr    +         Rampage  .   o - +0 pair of gloves
Will     .....                  (no boots)
Stlth    ..........             (no amulet)
HPRegen  0.26/turn              s - +4 ring of evasion
MPRegen  0.12/turn              y - ring of resist corrosion

@: no status effects
A: no striking features
a: no special abilities


You were on level 9 of the Dungeon.
You visited 2 branches of the dungeon, and saw 10 of its levels.

You collected 388 gold pieces.

Inventory:

Hand Weapons
 a - a +0 war axe of freezing
 l - a +5 war axe of distortion (weapon)
Missiles
 b - 3 throwing nets
 p - 3 javelins (quivered)
Armour
 c - a +0 kite shield (worn)
 o - a +0 pair of gloves (worn)
 w - a +0 plate armour (worn)
Jewellery
 s - a +4 ring of evasion (left hand)
 y - a ring of resist corrosion (right hand)
Wands
 q - a wand of charming (8)
 B - a wand of flame (39)
Scrolls
 f - 8 scrolls of identify {@r1}
 g - 2 scrolls of enchant weapon {@r3}
 h - a scroll of blinking
 k - a scroll of fog
 m - 2 scrolls of immolation
 t - 4 scrolls of teleportation
Potions
 d - a potion of haste {unknown}
 e - a potion of might
 i - a potion of invisibility {unknown}
 j - a potion of cancellation
 n - 3 potions of magic
 r - 5 potions of curing
 v - a potion of flight


   Skills:
 + Level 9.9 Fighting
 * Level 13.7 Axes
 + Level 9.1 Armour
 + Level 9.1 Shields


You had 10 spell levels left.
You didn't know any spells.
Your spell library contained the following spells:

 Spells                   Type           Power      Damage    Failure   Level
 Corona                   Hex            0%         N/A       100%        1
 Sting                    Tmut/Pois      0%         1d3       100%        1
 Ensorcelled Hibernation  Hex/Ice        0%         N/A       100%        2
 Poisonous Vapours        Pois/Air       0%         N/A       100%        2
 Confusing Touch          Hex            0%         N/A       100%        3
 Dazzling Flash           Conj/Hex       0%         N/A       100%        3
 Ignite Poison            Fire/Tmut/Pois 0%         N/A       100%        3
 Mephitic Cloud           Conj/Pois/Air  0%         N/A       100%        3
 Tukima's Dance           Hex            0%         N/A       100%        3
 Olgreb's Toxic Radiance  Pois           0%         N/A       100%        4
 Bolt of Magma            Conj/Fire/Erth 0%         4d4       100%        5
 Iskenderun's Battlesphe  Conj           0%         2d6       100%        5
 Iron Shot                Conj/Erth      0%         9d1       100%        6
 Orb of Destruction       Conj           0%         N/A       100%        7
 Spellforged Servitor     Conj/Summ      0%         N/A       100%        7


Dungeon Overview and Level Annotations

Branches:
Dungeon (9/15)             Temple (1/1) D:5
   Lair: D:8-11         Orc: D:9-12

Altars:
Ashenzari
Cheibriados
Dithmenos
Elyvilon
Fedhas
Gozag
Hepliaklqana
Kikubaaqudgha
Makhleb
Nemelex Xobeh
Okawaru
Qazlal
Ru
Sif Muna
Trog
Uskayaw
Vehumet
Wu Jian
Xom
Yredelemnul
Zin
The Shining One

Shops:
D:4 [

Annotations:
D:6 Prince Ribbit


Message History

You block the two-headed ogre's attack.
Your shield prevents you from hitting the two-headed ogre.
The two-headed ogre is heavily wounded.
You hit the orc warrior but do no damage.
The orc warrior blinks!
The boulder beetle hits you!!!
The boulder beetle stops rolling and uncurls.
You hear an angry buzzing noise.
You are too injured to fight recklessly!
You slice the two-headed ogre!!
Space bends around the two-headed ogre.
The two-headed ogre is almost dead.
The two-headed ogre hits you with a +0 giant spiked club!
* * * LOW HITPOINT WARNING * * *
The two-headed ogre hits you with a +0 giant club!
* * * LOW HITPOINT WARNING * * *
The boulder beetle leaps!
You hit the two-headed ogre.
The two-headed ogre is almost dead.
The two-headed ogre blinks!
You block the two-headed ogre's attack. The two-headed ogre misses you.
You slash the two-headed ogre!
You kill the two-headed ogre!
You closely miss the orc warrior.
The orc warrior is moderately wounded.
You barely miss the orc warrior.
The orc warrior is moderately wounded.
The orc warrior barely misses you.
Something unseen opens the door.
The boulder beetle curls into a ball and begins rolling!
A vampire mosquito comes into view.
Okay, then.
The vampire mosquito buzzes angrily.
You hit the orc warrior but do no damage.
Space bends around the orc warrior.
The orc warrior is heavily wounded.
You block the orc warrior's attack.
A howler monkey comes into view.
You hit the orc warrior.
The orc warrior is heavily wounded.
The orc warrior blinks!
The orc warrior throws a boomerang.
The boomerang closely misses you. The boulder beetle hits you!!
You die...

... #....####### ....
#....##....# #...... #....##....#
#...##......########....##....#
#....(.....(#......#....##....#
#...##..................##....#
...##..####....o####.........#
..##..# ##.).##.?#...##....#
#.##..# ##@##...#.....##.##
##.#...## #B#°..##.###....#
#....#..## +#○#§°##..#####..#
##..###...###..°###.....####.##
#...##.......y8..........###...
####...#....###...###............
...........## h#.#).##......###..
..........## .#.#...##..........
..†.[.#...# ##.##...#..........


You could see a boulder beetle (rolling), an orc warrior, a vampire mosquito and
a howler monkey.

Vanquished Creatures
  3 two-headed ogres
  A tengu warrior (D:9)
  Maggie (D:7)
  A tengu conjurer (D:9)
  A troll (D:9)
  A hornet (D:8)
  4 yaks (D:9)
  A steam dragon (D:8)
  Menkaure (D:4)
  4 water moccasins
  Duvessa (D:7)
  A black bear (D:6)
  2 ice beasts
  2 orc warriors
  2 sky beasts
  3 ogres
  3 centaurs
  A phantom (D:5)
  A scorpion (D:4)
  A wyvern zombie (D:7)
  A water moccasin skeleton (D:4)
  Dowan (D:7)
  3 howler monkeys
  A centaur zombie (D:9)
  A jelly (D:8)
  3 orc priests
  2 gnoll shamans
  2 hounds (D:4)
  A centaur skeleton (D:6)
  Jessica (D:3)
  2 iguanas
  2 orc wizards
  A hound skeleton (D:5)
  6 adders
  14 gnolls
  An ufetubus (D:3)
  An adder skeleton (D:4)
  3 dart slugs
  11 orcs
  8 endoplasms
  2 giant cockroaches
  6 goblins
  14 hobgoblins
  5 jackals (D:1)
  2 quokkas
  6 ball pythons
  8 bats
  2 frilled lizards (D:2)
  10 kobolds
  6 rats
161 creatures vanquished.

Notes
Turn   | Place    | Note
-------+----------+-------------------------------------------
     0 | D:1      | leviel the Hill Orc Fighter began the quest for the Orb.
     0 | D:1      | Reached XP level 1. HP: 19/19 MP: 1/1
   170 | D:1      | Reached skill level 3 in Axes
   332 | D:1      | Reached XP level 2. HP: 25/27 MP: 2/2
   662 | D:1      | Reached XP level 3. HP: 23/33 MP: 3/3
  1413 | D:2      | Reached skill level 4 in Axes
  1547 | D:2      | Reached XP level 4. HP: 37/40 MP: 4/4
  2278 | D:3      | Noticed an ogre
  2285 | D:3      | Killed an ogre
  2286 | D:3      | Reached skill level 5 in Axes
  2286 | D:3      | Reached XP level 5. HP: 47/47 MP: 5/5
  2609 | D:3      | Noticed Jessica
  2612 | D:3      | Killed Jessica
  2613 | D:3      | Reached XP level 6. HP: 48/53 MP: 6/6
  2878 | D:4      | Noticed Menkaure
  2882 | D:4      | Killed Menkaure
  2883 | D:4      | Reached skill level 5 in Fighting
  2883 | D:4      | Reached skill level 6 in Axes
  2896 | D:4      | Reached XP level 7. HP: 61/61 MP: 7/7
  3277 | D:4      | Found Alor's Armour Emporium.
  3312 | D:4      | Reached skill level 5 in Shields
  3318 | D:4      | Reached skill level 5 in Armour
  3547 | D:5      | Entered Level 5 of the Dungeon
  3570 | D:5      | Reached skill level 7 in Axes
  3745 | D:5      | Found a staircase to the Ecumenical Temple.
  4005 | Temple   | Entered the Ecumenical Temple
  4274 | D:5      | Reached XP level 8. HP: 39/70 MP: 8/8
  4842 | D:6      | Reached skill level 8 in Axes
  5333 | D:6      | Reached skill level 9 in Axes
  5727 | D:6      | Found a broken altar of Ashenzari.
  5811 | D:6      | Found a sacrificial altar of Ru.
  5901 | D:7      | Noticed Prince Ribbit
  5901 | D:7      | Noticed a two-headed ogre
  6197 | D:7      | Killed a two-headed ogre
  6198 | D:7      | Reached skill level 10 in Axes
  6198 | D:7      | Reached XP level 9. HP: 14/79 MP: 9/9
  6735 | D:7      | Noticed Maggie
  6755 | D:7      | HP: 1/79 [Maggie/+3 war axe of distortion (5)]
  6765 | D:7      | Killed Maggie
  7167 | D:7      | Found a blossoming altar of Fedhas.
  7365 | D:7      | Noticed Duvessa
  7366 | D:7      | Noticed Dowan
  7372 | D:7      | Killed Dowan
  7375 | D:7      | Killed Duvessa
  7376 | D:7      | Reached skill level 11 in Axes
  7697 | D:7      | Found a glowing golden altar of the Shining One.
  7698 | D:7      | Found an iron altar of Okawaru.
  7700 | D:7      | Found a white marble altar of Elyvilon.
  7921 | D:8      | Reached XP level 10. HP: 65/88 MP: 10/10
  8484 | D:9      | Noticed a two-headed ogre
  8491 | D:9      | Killed a two-headed ogre
  8492 | D:9      | Reached skill level 12 in Axes
  8815 | D:9      | Noticed a tengu warrior
  9024 | D:9      | Killed a tengu warrior
  9532 | D:9      | Reached skill level 13 in Axes
  9539 | D:9      | Reached XP level 11. HP: 74/97 MP: 11/11
  9684 | D:9      | Noticed a boulder beetle
  9686 | D:9      | Banished a boulder beetle
  9788 | D:9      | Noticed a boulder beetle
  9788 | D:9      | Noticed a two-headed ogre
  9799 | D:9      | Killed a two-headed ogre
  9803 | D:9      | Mangled by a boulder beetle

Illustrated notes

Levels and vault maps discovered:
D:1:      dpeg_cavernosity, layout_basic
D:2:      layout_rooms
D:3:      layout_basic, minmay_crystal_water, minmay_circle_x, uniq_jessica
D:4:      layout_rooms, serial_shops, shop, cheibrodos_gnoll_hut, uniq_menkaure
D:5:      layout_loops_ring, minmay_temple_entry_stoned_glass,
          kennysheep_nondescript
D:6:      layout_rooms, nicolae_ru_the_path_less_chosen,
          nicolae_overflow_hidden_temple, nicolae_ossuary_entry_ruins
D:7:      layout_loops_ring, chequers_temple_overflow_statue_of_worship,
          uniq_maggie, uniq_prince_ribbit1, uniq_duvessa
D:8:      layout_rooms
D:9:      cheibrodos_barr_body, layout_rooms, serial_shops, shop
Temple:   eino_temple_scatter_basement

Skill      XL: |  1  2  3  4  5  6  7  8  9 10 11 |
---------------+----------------------------------+-----
Axes           | 3 4 5 6 7 10 11 13 | 13.7
Fighting       | 4 5 6 7 8 9 |  9.9
Shields        | 4 5 6 7 8 9 |  9.1
Armour         | 4 5 6 7 8 9 |  9.1

Action                   |  1- 3 |  4- 6 |  7- 9 | 10-12 || total
-------------------------+-------+-------+-------+-------++-------
Melee: War axe           |   126 |    91 |   115 |   106 ||   438
       Hand axe          |       |       |   145 |       ||   145
Throw: Javelin           |       |     1 |     1 |     5 ||     7
Evoke: Wand              |       |       |     2 |       ||     2
  Use: Potion            |       |     1 |     8 |     1 ||    10
       Scroll            |       |       |    12 |     2 ||    14
 Stab: Distracted        |       |       |       |     1 ||     1
Armor: Scale mail        |    54 |    36 |    18 |       ||   108
       Plate armour      |       |       |    94 |    47 ||   141
Dodge: Dodged            |    45 |    18 |    88 |    51 ||   202
Block: Kite shield       |    75 |    58 |   118 |    82 ||   333

Table legend: (Time is in decaauts)
 A = Elapsed time spent in this place.
 B = Non-inter-level travel time spent in this place.
 C = Inter-level travel time spent in this place.
 D = Time resting spent in this place.
 E = Time spent auto-exploring this place.
 F = Levels seen in this place.
 G = Mean time per level.
                   A        B        C        D        E       F      G
               +--------+--------+--------+--------+--------+-----+--------+
         Total |   9964 |   9611 |    353 |   2186 |   6087 |  10 |  996.4 |
       Dungeon |   9744 |   9438 |    306 |   2186 |   5914 |   9 | 1082.7 |
        Temple |    219 |    173 |     46 |      0 |    173 |   1 |  219.0 |
               +--------+--------+--------+--------+--------+-----+--------+

Top non-repeatable levels by time:
     D:7: 1645 daAuts
     D:1: 1420 daAuts
     D:6: 1341 daAuts
     D:9: 1174 daAuts
     D:5: 1078 daAuts
     D:3: 910 daAuts
     D:8: 824 daAuts
     D:4: 773 daAuts
     D:2: 576 daAuts
  Temple: 219 daAuts
